 Dungeon Crawl Stone Soup version 0.28-a0-662-g1651b1f1e0 (webtiles) character file.

Game seed: 12091670527478446106

252 jasper the Chopper (level 6, -9/47 HPs)
             Began as a Formicid Fighter on Oct 15, 2021.
             Mangled by an ogre (18 damage)
             ... on level 4 of the Dungeon.
             The game lasted 00:03:43 (2577 turns).

jasper the Chopper (Formicid Fighter)               Turns: 2577, Time: 00:03:43

Health: -9/47      AC: 10    Str: 22    XL:     6   Next: 36%
Magic:  6/6        EV:  7    Int:  8    God:
Gold:   134        SH:  4    Dex: 10    Spells: 5/5 levels left

rFire   . . .      SeeInvis +   a - +1 war axe
rCold   . . .      Faith    .   c - +0 buckler
rNeg    . . .      Spirit   .   i - +0 chain mail
rPois   .          Reflect  .   (helmet unavailable)
rElec   .          Harm     .   q - +0 cloak
rCorr   .          Rampage  .   (no gloves)
Will    .....                   (no boots)
Stlth   ..........              (no amulet)
HPRegen 0.15/turn               (no ring)
MPRegen 0.10/turn               (no ring)

@: mighty
A: permanent stasis, dig shafts and tunnels, antennae 3, four strong arms
a: Dig, Shaft Self


You were on level 4 of the Dungeon.
You visited 1 branch of the dungeon, and saw 4 of its levels.

You collected 134 gold pieces.

Inventory:

Hand Weapons
 a - a +1 war axe (weapon)
Missiles
 e - 80 stones
 f - 6 datura-tipped darts
 n - 2 boomerangs (quivered)
Armour
 b - a +0 scale mail
 c - a +0 buckler (worn)
 i - a +0 chain mail (worn)
 q - a +0 cloak (worn)
Jewellery
 g - a ring of protection from cold
Wands
 j - a wand of digging (6)
Scrolls
 h - 2 scrolls of enchant weapon
 m - a scroll of summoning {unknown}
 p - 3 scrolls of identify {unknown}
 s - a scroll of acquirement {unknown}
 t - a scroll of enchant armour {unknown}
Potions
 k - a potion of attraction {unknown}
 l - a potion of degeneration {unknown}
 o - 2 potions of lignification {unknown}
 r - a potion of curing {unknown}
 u - a potion of haste {unknown}


   Skills:
 - Level 3.2 Fighting
 + Level 6.2 Axes
 - Level 3.2 Armour
 - Level 3.6 Shields


You had 5 spell levels left.
You didn't know any spells.
Your spell library contained the following spells:

 Spells                   Type           Power      Damage    Failure   Level
 Ensorcelled Hibernation  Hex/Ice        0%         N/A       99%         2
 Tukima's Dance           Hex            0%         N/A       100%        3


Dungeon Overview and Level Annotations

Branches:
Dungeon (4/15)
 Temple: D:4-7

Altars:


Innate Abilities, Weirdness & Mutations

You cannot be hasted, slowed, berserked, paralysed or teleported.
You can dig through walls and to a lower floor.
You have a pair of large antennae on your head. (SInv)
Your four strong arms can wield two-handed weapons with a shield.


Message History

The orc hits you but does no damage.
You slash the orc wizard!
You kill the orc wizard!
You slash the orc!
You kill the orc!
You barely miss the hound skeleton. You hit the orc but do no damage.
The hound skeleton bites you but does no damage.
You block the orc's attack. The orc hits you but does no damage.
The hound skeleton barely misses you.
Your Axes skill increases to level 6!
You feel very mighty all of a sudden. The orc hits you but does no damage.
The hound skeleton bites you but does no damage.
The orc hits you but does no damage.
You slash the orc!
You kill the orc!
You slash the orc!
You kill the orc!
You closely miss the hound skeleton.
The hound skeleton bites you but does no damage.
The ogre hits you with a +0 giant club!!
You block the hound skeleton's attack.
You take 20 damage, and have 27/47 hp.
MASSIVE DAMAGE!!
You barely miss the ogre. You hit the hound skeleton.
The hound skeleton barely misses you.
You barely miss the ogre. You hit the hound skeleton.
You destroy the hound skeleton!
You block the ogre's attack.
You slash the ogre!
The ogre is heavily wounded.
The ogre hits you with a +0 giant club!!
* * * LOW HITPOINT WARNING * * *
You take 19 damage, and have 9/47 hp.
MASSIVE DAMAGE!!
You barely miss the ogre.
The ogre is heavily wounded.
The ogre barely misses you.
You barely miss the ogre.
The ogre is heavily wounded.
The ogre hits you with a +0 giant club!!
You die...

#.# #.# .# #..
#.####.###...
..######<##.......#
#........##.......#
##.......##.......#
#..<....##.<.....#.
#........#))O......
#........#.@.......
....................
##...##.#.#........#
#..............##.#
..#.##.............
#.# #.........##.
#.........# #
..####.#### ... .#


You could see an ogre.

Vanquished Creatures
  A sky beast (D:3)
  Jessica (D:2)
  An orc wizard (D:4)
  A hound skeleton (D:4)
  2 adders
  2 worms
  8 orcs
  2 bats (D:2)
  6 endoplasms
  8 giant cockroaches
  A goblin (D:1)
  4 hobgoblins
  6 kobolds
  2 quokkas (D:2)
  5 ball pythons
  4 frilled lizards
  5 rats
59 creatures vanquished.

Notes
Turn   | Place    | Note
-------+----------+-------------------------------------------
     0 | D:1      | jasper the Formicid Fighter began the quest for the Orb.
     0 | D:1      | Reached XP level 1. HP: 18/18 MP: 1/1
    89 | D:1      | Reached XP level 2. HP: 24/24 MP: 2/2
   119 | D:1      | Reached skill level 3 in Axes
   123 | D:1      | Found a faded altar of an unknown god.
   546 | D:1      | Reached XP level 3. HP: 29/29 MP: 3/3
  1039 | D:2      | Noticed Jessica
  1044 | D:2      | Killed Jessica
  1045 | D:2      | Reached skill level 4 in Axes
  1045 | D:2      | Reached XP level 4. HP: 30/35 MP: 4/4
  1977 | D:3      | Reached XP level 5. HP: 41/41 MP: 5/5
  2211 | D:3      | Reached skill level 5 in Axes
  2423 | D:3      | Noticed a sky beast
  2432 | D:3      | Killed a sky beast
  2433 | D:3      | Reached XP level 6. HP: 47/47 MP: 6/6
  2567 | D:4      | Noticed an ogre
  2571 | D:4      | Reached skill level 6 in Axes
  2577 | D:4      | Mangled by an ogre

Illustrated notes

Levels and vault maps discovered:
D:1:      evilmike_arrival_plus, layout_loops_ring,
          dreamdust_ecumenical_altar_statues
D:2:      layout_basic, uniq_jessica
D:3:      layout_basic
D:4:      layout_rooms, grunt_gozag_breadcrumbs, serial_shops, shop,
          uniq_eustachio

Skill      XL: |  1  2  3  4  5  6 |
---------------+-------------------+-----
Axes           | 3 4 5 6 |  6.2
Fighting       | |  3.2
Armour         | |  3.2
Shields        | |  3.6

Action                   |  1- 3 |  4- 6 || total
-------------------------+-------+-------++-------
Melee: War axe           |    55 |    90 ||   145
Throw: Boomerang         |       |     8 ||     8
  Use: Scroll            |     1 |       ||     1
       Potion            |       |     2 ||     2
Armor: Scale mail        |    26 |       ||    26
       Chain mail        |     1 |    57 ||    58
Dodge: Dodged            |    28 |    34 ||    62
Block: Buckler           |    18 |    21 ||    39

Table legend: (Time is in decaauts)
 A = Elapsed time spent in this place.
 B = Non-inter-level travel time spent in this place.
 C = Inter-level travel time spent in this place.
 D = Time resting spent in this place.
 E = Time spent auto-exploring this place.
 F = Levels seen in this place.
 G = Mean time per level.
                   A        B        C        D        E       F      G
               +--------+--------+--------+--------+--------+-----+--------+
         Total |   2623 |   2498 |    125 |    366 |   1659 |   4 |  655.8 |
       Dungeon |   2623 |   2498 |    125 |    366 |   1659 |   4 |  655.8 |
               +--------+--------+--------+--------+--------+-----+--------+

Top non-repeatable levels by time:
     D:1: 1039 daAuts
     D:3: 801 daAuts
     D:2: 760 daAuts
     D:4: 21 daAuts
